 Dungeon Crawl Stone Soup version 0.28.0-43-g3370ac3207 (webtiles) character file.

Game seed: 3661331520008781990

578 jimonade the Bolt Thrower (level 7, -4/51 HPs)
             Began as a Gnoll Wanderer on Mar 13, 2022.
             Shot with an arrow by a centaur (10 damage)
             ... on level 6 of the Dungeon.
             The game lasted 00:08:13 (3580 turns).

jimonade the Bolt Thrower (Gnoll Wanderer)          Turns: 3580, Time: 00:08:14

Health: -4/51      AC:  6    Str: 15    XL:     7   Next: 36%
Magic:  15/15      EV: 11    Int: 10    God:
Gold:   143        SH:  0    Dex: 11    Spells: 16/17 levels left

rFire   . . .      SeeInvis .   a - +2 hand crossbow
rCold   . . .      Faith    .   (no shield)
rNeg    . . .      Spirit   .   c - +0 ring mail
rPois   .          Reflect  .   (no helmet)
rElec   .          Harm     .   (no cloak)
rCorr   .          Rampage  .   (no gloves)
Will    .....                   (no boots)
Stlth   +.........              (no amulet)
HPRegen 0.17/turn               s - ring of wizardry
MPRegen 0.14/turn               (no ring)

@: no status effects
A: fangs 1, strong nose, distributed training
a: no special abilities


You were on level 6 of the Dungeon.
You visited 1 branch of the dungeon, and saw 6 of its levels.

You collected 143 gold pieces.

Inventory:

Hand Weapons
 a - a +2 hand crossbow (weapon)
 w - a +1 mace of draining
Missiles
 b - 29 bolts (quivered ammo)
 e - 39 sling bullets
 g - a throwing net
 i - 137 stones
 j - 57 arrows
Armour
 c - a +0 ring mail (worn)
 p - a +0 ring mail
Jewellery
 d - a ring of ice
 s - a ring of wizardry (left hand)
Wands
 m - a wand of flame (18)
 n - a wand of acid (10)
Scrolls
 f - 2 scrolls of amnesia {unknown}
 r - a scroll of acquirement {unknown}
 t - a scroll of summoning {unknown}
 u - 3 scrolls of fog {unknown}
Potions
 h - a potion of berserk rage {unknown}
 k - 2 potions of lignification {unknown}
 o - a potion of might {unknown}
 q - a potion of brilliance {unknown}
 v - a potion of heal wounds {unknown}


   Skills:
 + Level 2.4 Fighting
 + Level 2.4 Short Blades
 + Level 2.4 Long Blades
 + Level 2.4 Axes
 + Level 2.4 Maces & Flails
 + Level 2.4 Polearms
 + Level 2.4 Staves
 + Level 2.4 Slings
 + Level 2.4 Bows
 + Level 7.0 Crossbows
 + Level 2.4 Throwing
 + Level 5.2 Armour
 + Level 2.4 Dodging
 + Level 2.4 Stealth
 + Level 2.4 Shields
 + Level 2.4 Unarmed Combat
 + Level 5.6 Spellcasting
 + Level 2.0 Conjurations
 + Level 2.0 Hexes
 + Level 4.3 Summonings
 + Level 2.0 Necromancy
 + Level 2.0 Translocations
 + Level 2.0 Transmutations
 + Level 2.0 Fire Magic
 + Level 2.0 Ice Magic
 + Level 2.0 Air Magic
 + Level 2.0 Earth Magic
 + Level 2.0 Poison Magic
 + Level 2.7 Invocations
 + Level 3.6 Evocations


You had 16 spell levels left.
You knew the following spells:

 Your Spells              Type           Power      Damage    Failure   Level
a - Summon Small Mammal   Summ           44%        N/A       2%          1

Your spell library contained the following spells:

 Spells                   Type           Power      Damage    Failure   Level
 Summon Guardian Golem    Hex/Summ       9%         N/A       13%         3


Dungeon Overview and Level Annotations

Branches:
Dungeon (5/15)
 Temple: D:4-7

Altars:
Uskayaw
Wu Jian


Innate Abilities, Weirdness & Mutations

You have very sharp teeth.
Your uncanny sense of smell can sniff out nearby items.
Your experience applies equally to all skills.


Message History

Your Poison Magic skill increases to level 2!
Found a dented zirconium amulet.
b - 24 bolts (gained 3)
You see here a bullfrog corpse.
HP restored.
b - 26 bolts (gained 2)
There is a stone staircase leading down here.
b - 29 bolts (gained 3)
u - 3 scrolls labelled BAGEUQ ULAHURY (gained 1)
b - 30 bolts (gained 1)
Found a robe.
A centaur comes into view.
The centaur shouts!
You hear a shout!
The centaur wields a +0 shortbow.
The centaur shoots an arrow.
The arrow hits you!
The centaur shoots an arrow.
The arrow hits you!
The centaur shoots an arrow.
The arrow barely misses you.
You hear a shout!
You see here an amulet of magic regeneration.
You shoot a bolt. The bolt barely misses the centaur.
The centaur shoots an arrow.
The arrow hits you!
A gnoll comes into view. It is wielding a +0 whip.
The centaur shoots an arrow.
The arrow barely misses you.
You hear a shout!
You are too injured to fight recklessly!
You are too injured to fight recklessly!
The centaur shoots an arrow.
The arrow barely misses you.
The centaur shoots an arrow.
The arrow misses you.
The centaur shoots an arrow.
The arrow barely misses you.
You are too injured to fight recklessly!
The centaur shoots an arrow.
The arrow hits you.
You hear a shout! x2
The centaur shoots an arrow.
The arrow barely misses you.
The centaur shoots an arrow.
The arrow closely misses you.
You see here a bullfrog corpse.
The centaur shoots an arrow.
The arrow hits you!
* * * LOW HITPOINT WARNING * * *
You can't go down here!
The centaur shoots an arrow.
The arrow hits you!
You die...

#.........#
#......$..#
#....c.g..# ∆
#.........#
#.........#
#.........#
#......†..#
######..###########
#.@..........#
############.#


You could see a centaur and a gnoll.

Vanquished Creatures
  Pargi (D:4)
  An ogre (D:4)
  A bullfrog (D:6)
  A scorpion (D:6)
  A water moccasin zombie (D:5)
  A jelly (D:6)
  A bullfrog skeleton (D:4)
  Natasha (twice) (D:2)
  A hound skeleton (D:4)
  3 adders
  2 ufetubi
  2 worms
  A dart slug (D:2)
  An orc (D:4)
  11 ball pythons
  10 endoplasms
  5 giant cockroaches
  6 goblins
  4 hobgoblins
  3 jackals (D:3)
  5 quokkas
  4 bats
  3 frilled lizards
  3 kobolds
  2 rats
75 creatures vanquished.

Notes
Turn   | Place    | Note
-------+----------+-------------------------------------------
     0 | D:1      | jimonade the Gnoll Wanderer began the quest for the Orb.
     0 | D:1      | jimonade set off with the following items: a +2 hand
                  | crossbow, 25 bolts, a +0 ring mail; and the following spell
                  | memorised: Summon Small Mammal; and the following spells
                  | available to memorise: Summon Guardian Golem
     0 | D:1      | Reached XP level 1. HP: 13/13 MP: 6/6
    35 | D:1      | Found a faded altar of an unknown god.
   363 | D:1      | Reached XP level 2. HP: 19/19 MP: 7/7
  1226 | D:2      | Reached XP level 3. HP: 23/25 MP: 9/9
  1485 | D:2      | Found a hide-covered altar of Uskayaw.
  1525 | D:2      | Reached skill level 5 in Spellcasting
  1671 | D:2      | Noticed Natasha
  1678 | D:2      | Killed Natasha
  1679 | D:2      | Reached skill level 1 in Fighting
  1679 | D:2      | Reached skill level 1 in Short Blades
  1679 | D:2      | Reached skill level 1 in Long Blades
  1679 | D:2      | Reached skill level 1 in Axes
  1679 | D:2      | Reached skill level 1 in Maces & Flails
  1679 | D:2      | Reached skill level 1 in Polearms
  1679 | D:2      | Reached skill level 1 in Staves
  1679 | D:2      | Reached skill level 1 in Slings
  1679 | D:2      | Reached skill level 1 in Bows
  1679 | D:2      | Reached skill level 1 in Throwing
  1679 | D:2      | Reached skill level 1 in Dodging
  1679 | D:2      | Reached skill level 1 in Stealth
  1679 | D:2      | Reached skill level 1 in Shields
  1679 | D:2      | Reached skill level 1 in Unarmed Combat
  1679 | D:2      | Reached skill level 1 in Invocations
  1679 | D:2      | Reached XP level 4. HP: 25/32 MP: 11/11
  1784 | D:2      | Noticed Natasha
  1794 | D:2      | Killed Natasha
  2024 | D:3      | Reached skill level 1 in Conjurations
  2024 | D:3      | Reached skill level 1 in Hexes
  2024 | D:3      | Reached skill level 1 in Necromancy
  2024 | D:3      | Reached skill level 1 in Translocations
  2024 | D:3      | Reached skill level 1 in Transmutations
  2024 | D:3      | Reached skill level 1 in Fire Magic
  2024 | D:3      | Reached skill level 1 in Ice Magic
  2024 | D:3      | Reached skill level 1 in Air Magic
  2024 | D:3      | Reached skill level 1 in Earth Magic
  2024 | D:3      | Reached skill level 1 in Poison Magic
  2479 | D:3      | Found a faded altar of an unknown god.
  2483 | D:3      | Found an ornate altar of the Wu Jian Council.
  2556 | D:3      | Reached XP level 5. HP: 37/37 MP: 12/12
  2775 | D:4      | Noticed Pargi
  2783 | D:4      | Killed Pargi
  2855 | D:4      | Reached XP level 6. HP: 43/44 MP: 13/13
  2886 | D:4      | Reached skill level 5 in Armour
  3263 | D:5      | Entered Level 5 of the Dungeon
  3462 | D:5      | You fall into a shaft and drop 1 floor!
  3466 | D:6      | Reached skill level 7 in Crossbows
  3466 | D:6      | Reached XP level 7. HP: 45/50 MP: 15/15
  3580 | D:6      | Shot with an arrow by a centaur

Illustrated notes

Levels and vault maps discovered:
D:1:      onia_arrival_pyramid, layout_basic, chequers_ecumenical_altar_island
D:2:      layout_loops_ring, basic_altar, uniq_natasha
D:3:      layout_basic, nicolae_overflow_ecumenical_swirl
D:4:      layout_rooms, uniq_pargi
D:5:      layout_basic, mainiacjoe_overflow_24_doors, serial_shops, shop,
          minmay_increasing_density
D:6:      layout_basic, grunt_qazlal_sundering, minmay_temple_entry_wispy,
          chequers_serial_rivers_small_b

Skill      XL: |  1  2  3  4  5  6  7 |
---------------+----------------------+-----
Spellcasting   | 5 |  5.6
Fighting       | 1 2 |  2.4
Short Blades   | 1 2 |  2.4
Long Blades    | 1 2 |  2.4
Axes           | 1 2 |  2.4
Maces & Flails | 1 2 |  2.4
Polearms       | 1 2 |  2.4
Staves         | 1 2 |  2.4
Slings         | 1 2 |  2.4
Bows           | 1 2 |  2.4
Throwing       | 1 2 |  2.4
Dodging        | 1 2 |  2.4
Stealth        | 1 2 |  2.4
Shields        | 1 2 |  2.4
Unarmed Combat | 1 2 |  2.4
Invocations    | 1 2 |  2.7
Conjurations   | 1 2 |  2.0
Hexes          | 1 2 |  2.0
Necromancy     | 1 2 |  2.0
Translocations | 1 2 |  2.0
Transmutations | 1 2 |  2.0
Fire Magic     | 1 2 |  2.0
Ice Magic      | 1 2 |  2.0
Air Magic      | 1 2 |  2.0
Earth Magic    | 1 2 |  2.0
Poison Magic   | 1 2 |  2.0
Summonings     | 4 |  4.3
Evocations     | 3 |  3.6
Armour         | 5 |  5.2
Crossbows      | 7 |  7.0

Action                   |  1- 3 |  4- 6 |  7- 9 || total
-------------------------+-------+-------+-------++-------
 Fire: Hand crossbow     |    62 |   135 |     7 ||   204
 Cast: Summon Small Mamm |     2 |     2 |       ||     4
Armor: Ring mail         |    11 |    19 |     2 ||    32
Dodge: Dodged            |    13 |    32 |    10 ||    55
